 Dungeon Crawl Stone Soup version 0.27.0-1-g7a089689b8 (webtiles) character file.

Game seed: 13934867768972293138

662 fiver49 the Ruffian (level 7, -1/59 HPs)
             Began as a Troll Ice Elementalist on Aug 3, 2021.
             Was an Initiate of Ru.
             Slain by a killer bee (5 damage)
             ... on level 4 of the Dungeon.
             The game lasted 00:06:20 (2552 turns).

fiver49 the Ruffian (Troll Ice Elementalist)        Turns: 2552, Time: 00:06:20

Health: -1/59      AC:  6    Str: 19    XL:     7   Next: 30%
Magic:  7/7        EV:  9    Int: 11    God:    Ru [......]
Gold:   235        SH:  0    Dex: 10    Spells: 7/8 levels left

rFire    . . .     SeeInvis .     - Unarmed
rCold    . . .     Faith    .   (no shield)
rNeg     . . .     Spirit   .   a - +0 robe
rPois    .         Reflect  .   (helmet restricted)
rElec    .         Harm     .   g - +1 cloak
rCorr    .         Rampage  .   (gloves unavailable)
Will     .....                  (boots unavailable)
Stlth    +.........             (no amulet)
HPRegen  1.19/turn              (no ring)
MPRegen  0.10/turn              (no ring)

@: lethally poisoned (-1 -> -3)
A: large, unfitting armour, claws 3, regeneration 1, shaggy fur 1, tough skin 1
a: Renounce Religion


You were on level 4 of the Dungeon.
You worshipped Ru.
Ru was noncommittal.
You visited 1 branch of the dungeon, and saw 5 of its levels.

You collected 235 gold pieces.

Inventory:

Missiles
 c - 7 javelins
 j - 2 throwing nets
Armour
 a - a +0 robe (worn)
 g - a +1 cloak (worn)
Jewellery
 q - a ring of positive energy
Wands
 i - a wand of paralysis (6)
Scrolls
 d - a scroll of immolation {unknown}
 e - a scroll of silence {unknown}
 h - 2 scrolls of magic mapping {unknown}
 k - a scroll of identify
 n - a scroll of fog {unknown}
 o - a scroll of amnesia {unknown}
 p - 3 scrolls of teleportation {unknown}
Potions
 b - a potion of attraction {unknown}
 l - a potion of magic {unknown}


   Skills:
 - Level 1.5 Dodging
 - Level 1.0 Stealth
 + Level 7.9 Unarmed Combat
 - Level 1.2 Spellcasting
 - Level 2.9 Ice Magic


You had 7 spell levels left.
You knew the following spells:

 Your Spells              Type           Power      Damage    Failure   Level
a - Freeze                Ice            28%        1d5       10%         1

Your spell library contained the following spells:

 Spells                   Type           Power      Damage    Failure   Level
 Frozen Ramparts          Ice            14%        1d3       28%         3
 Ozocubu's Armour         Ice            7%         N/A       28%         3
 Animate Skeleton         Necr           0%         N/A       32%         1
 Apportation              Tloc           0%         N/A       32%         1
 Corona                   Hex            0%         N/A       32%         1
 Summon Small Mammal      Summ           0%         N/A       32%         1
 Slow                     Hex            0%         N/A       43%         2
 Confusing Touch          Hex            0%         N/A       67%         3
 Hailstorm                Conj/Ice       3%         3d3       86%         4
 Yara's Violent Unravell  Hex/Tmut       0%         3d3       100%        5
 Malign Gateway           Summ/Tloc      0%         N/A       100%        7
 Summon Horrible Things   Summ           0%         N/A       100%        8


Dungeon Overview and Level Annotations

Branches:
Dungeon (5/15)             Temple (0/1) D:4

Altars:
Ru

Annotations:
D:4 exclusion: 3 killer bees


Innate Abilities, Weirdness & Mutations

You are too large for most types of armour.
You have claws for hands.
Your natural rate of healing is unusually fast.
You are covered in fur. (AC +1)
You have tough skin. (AC +1)


Message History

The killer bee stings you but does no damage.
The killer bee stings you.
You are poisoned.
The killer bee poisons you! The killer bee stings you.
You are more poisoned.
The killer bee poisons you!
A jelly comes into view.
The killer bee barely misses you. The killer bee stings you.
The killer bee closely misses you.
Aiming: Paralyse
Press: ? - help, Shift-Dir - straight line, f - killer bee, p - killer bee
Aim: a killer bee (chance to affect: 54%)
The killer bee resists with significant effort.
You feel very sick.
A killer bee comes into view.
The killer bee barely misses you.
The killer bee stings you but does no damage.
The killer bee stings you.
* * * LOW HITPOINT WARNING * * *
You are lethally poisoned!
The killer bee poisons you! The killer bee stings you.
* * * LOW HITPOINT WARNING * * *
The killer bee closely misses you. The killer bee stings you.
* * * LOW HITPOINT WARNING * * *
You are more poisoned.
The killer bee poisons you!
You feel better. The killer bee closely misses you.
The killer bee stings you but does no damage. x2
The killer bee closely misses you. The killer bee stings you.
* * * LOW HITPOINT WARNING * * *
The killer bee misses you. The killer bee stings you.
* * * LOW HITPOINT WARNING * * *
The killer bee misses you.
As you read the scroll labelled GOMUYL UCWUMP, it crumbles to dust.
It is a scroll of enchant armour.
Your +0 cloak glows green for a moment.
The killer bee stings you.
* * * LOW HITPOINT WARNING * * *
You are poisoned.
The killer bee poisons you! The killer bee stings you.
You die...

#.........#### ..
#............#
#.....†......# #+##
#...........†##≈≈≈≈♣
#..........≈♣≈≈♣
#.......≈♣♣≈♣≈≈≈≈≈≈♣
#.......♣♣♣≈≈≈≈≈♣≈≈≈≈
#...yy.♣♣ ≈≈P≈≈≈≈≈≈≈≈
#..y@y♣≈♣ ≈≈≈≈≈≈≈≈≈ ≈
####y♣♣≈≈≈≈♣PP≈≈≈≈≈≈≈


#Jy ≈≈≈≈≈y≈≈≈≈≈≈≈≈ #.♣≈≈≈≈≈≈y≈y≈≈≈≈≈≈ #..≈♣≈P≈≈ #.. ♣ #.. #### You could see a
jelly and 6 killer bees.

Vanquished Creatures
  An orc warrior (D:3)
  2 ogres
  2 scorpions (D:4)
  A hound (D:3)
  Ijyb (D:3)
  Terence (D:2)
  An orc wizard (D:3)
  A hound zombie (D:5)
  A hound skeleton (D:5)
  Robin (D:2)
  5 adders
  2 worms
  A dart slug (D:2)
  3 orcs (D:3)
  6 bats
  10 endoplasms
  4 giant cockroaches
  9 goblins
  8 hobgoblins
  11 jackals
  3 quokkas
  6 ball pythons
  A ball python skeleton (D:3)
  3 frilled lizards
  6 kobolds
  12 rats
102 creatures vanquished.

Vanquished Creatures (others)
  31 plants
31 creatures vanquished.

Grand Total: 133 creatures vanquished

Notes
Turn   | Place    | Note
-------+----------+-------------------------------------------
     0 | D:1      | fiver49 the Troll Ice Elementalist began the quest for the
                  | Orb.
     0 | D:1      | Reached XP level 1. HP: 16/16 MP: 1/1
    37 | D:1      | Reached skill level 1 in Unarmed Combat
    78 | D:1      | Reached XP level 2. HP: 24/24 MP: 2/2
   232 | D:1      | Found a faded altar of an unknown god.
   260 | D:1      | Reached skill level 2 in Unarmed Combat
   466 | D:2      | Reached XP level 3. HP: 29/31 MP: 3/3
   487 | D:2      | Reached skill level 3 in Unarmed Combat
   865 | D:2      | Reached XP level 4. HP: 38/39 MP: 4/4
   991 | D:2      | Noticed Terence
  1013 | D:2      | Killed Terence
  1014 | D:2      | Reached skill level 4 in Unarmed Combat
  1040 | D:2      | Noticed Robin
  1081 | D:2      | Killed Robin
  1466 | D:3      | Reached XP level 5. HP: 45/45 MP: 5/5
  1645 | D:3      | Noticed Ijyb
  1656 | D:3      | Paralysed by Ijyb for 2 turns
  1661 | D:3      | Killed Ijyb
  1662 | D:3      | Reached skill level 5 in Unarmed Combat
  1662 | D:3      | Found a sacrificial altar of Ru.
  1676 | D:3      | Became a worshipper of Ru the Awakened
  1723 | D:3      | Noticed an orc warrior
  1859 | D:3      | Noticed an ogre
  1866 | D:3      | Killed an ogre
  1871 | D:3      | Reached XP level 6. HP: 53/53 MP: 6/6
  1953 | D:3      | Killed an orc warrior
  1954 | D:3      | Reached skill level 6 in Unarmed Combat
  2273 | D:4      | You fall into a shaft and drop 1 floor!
  2273 | D:5      | Entered Level 5 of the Dungeon
  2319 | D:5      | Reached skill level 7 in Unarmed Combat
  2350 | D:4      | Found a staircase to the Ecumenical Temple.
  2383 | D:4      | Reached XP level 7. HP: 59/59 MP: 7/7
  2552 | D:4      | Slain by a killer bee

Illustrated notes

Levels and vault maps discovered:
D:1:      dpeg_arrival_pits, layout_rooms, shapermc_ecumenical_altar_venn
D:2:      layout_loops_corners, serial_bayou_lagoon_a,
          minmay_increasing_density, uniq_robin, uniq_terence
D:3:      layout_basic, overflow_temple_1_default, minmay_misc_feat_x,
          kennysheep_generic_room_16, uniq_ijyb
D:4:      layout_basic, minmay_temple_entry_arrows, serial_bayou_lake_a
D:5:      kennysheep_kobold_camp, layout_basic, nrook_campfire,
          uniq_blork_the_orc

Skill      XL: |  1  2  3  4  5  6 |
---------------+-------------------+-----
Unarmed Combat | 1 2 3 4 5 7 |  7.9
Dodging        | |  1.5
Stealth        | |  1.0
Spellcasting   | |  1.2
Ice Magic      | |  2.9

Action                   |  1- 3 |  4- 6 |  7- 9 || total
-------------------------+-------+-------+-------++-------
Melee: Unarmed           |   106 |   147 |    19 ||   272
       Punch             |     1 |     4 |     1 ||     6
Evoke: Wand              |       |     3 |     2 ||     5
  Use: Scroll            |       |     1 |     1 ||     2
       Potion            |       |       |     1 ||     1
 Stab: Sleeping          |     2 |     2 |       ||     4
       Paralysed         |       |     7 |       ||     7
Armor: Robe              |    45 |    67 |    16 ||   128
Dodge: Dodged            |    48 |    75 |    19 ||   142
